 Dungeon Crawl Stone Soup version 0.28-a0-245-g639a1a48b9 (webtiles) character file.

Game seed: 10366288077434000222

72 Lochraine the Grave Robber (level 4, 0/25 HPs)
             Began as a Deep Elf Necromancer on Aug 24, 2021.
             Slain by an orc (3 damage)
             ... on level 3 of the Dungeon.
             The game lasted 00:04:03 (2219 turns).

Lochraine the Grave Robber (Deep Elf Necromancer)   Turns: 2219, Time: 00:04:03

Health: 0/25       AC:  2    Str:  5    XL:     4   Next: 6%
Magic:  5/12       EV: 13    Int: 21    God:
Gold:   72         SH:  0    Dex: 15    Spells: 6/11 levels left

rFire   . . .      SeeInvis .   i - +2 dagger (venom)
rCold   . . .      Faith    .   (no shield)
rNeg    . . .      Spirit   .   a - +0 robe
rPois   .          Reflect  .   (no helmet)
rElec   .          Harm     .   (no cloak)
rCorr   .          Rampage  .   (no gloves)
Will    .....                   (no boots)
Stlth   ++........              (no amulet)
HPRegen 0.08/turn               (no ring)
MPRegen 0.13/turn               (no ring)

@: no status effects
A: no striking features
a: no special abilities


You were on level 3 of the Dungeon.
You visited 1 branch of the dungeon, and saw 3 of its levels.

You collected 72 gold pieces.

Inventory:

Hand Weapons
 c - a +0 club
   (You took it off a kobold on level 1 of the Dungeon)
 g - a +0 mace
   (You found it on level 1 of the Dungeon)
 i - a +2 dagger of venom (weapon)
   (You found it on level 2 of the Dungeon)
Armour
 a - a +0 robe (worn)
Scrolls
 b - a scroll of identify {unknown}
 d - a scroll of summoning {unknown}
 e - a scroll of amnesia {unknown}
 j - a scroll of fear {unknown}
Potions
 f - 2 potions of might {unknown}
 h - a potion of haste {unknown}


   Skills:
 + Level 1.0 Fighting
 - Level 3.0 Dodging
 - Level 2.4 Stealth
 + Level 4.2 Spellcasting
 + Level 5.5 Necromancy


You had 6 spell levels left.
You knew the following spells:

 Your Spells              Type           Power      Damage    Failure   Level
a - Pain                  Necr           100%       1d9       1%          1
q - Vampiric Draining     Necr           13%        2d7       3%          3
z - Animate Skeleton      Necr           54%        N/A       1%          1

Your spell library contained the following spells:

 Spells                   Type           Power      Damage    Failure   Level
 Animate Dead             Necr           13%        N/A       12%         4
 Dispel Undead            Necr           27%        3d13      12%         4
 Static Discharge         Conj/Air       4%         N/A       19%         2
 Agony                    Necr           27%        N/A       32%         5
 Stone Arrow              Conj/Erth      8%         3d7       34%         3
 Summon Guardian Golem    Hex/Summ       4%         N/A       34%         3
 Animate Armour           Summ/Erth      8%         N/A       75%         4
 Sticky Flame             Conj/Fire      4%         2d3       75%         4
 Orb of Destruction       Conj           2%         9d1       100%        7
 Spellforged Servitor     Conj/Summ      2%         N/A       100%        7
 Lehudib's Crystal Spear  Conj/Erth      2%         10d2      100%        8


Dungeon Overview and Level Annotations

Branches:
Dungeon (3/15)

Altars:


Message History

Found a scroll labelled QEQEYGEASI.
There is an open door here.
Found 7 gold pieces.
j - a scroll labelled QEQEYGEASI A hobgoblin comes into view.
The helpless hobgoblin fails to defend itself.
You puncture the hobgoblin!
You kill the hobgoblin!
You have reached level 4!
You feel clever.
You now have 72 gold pieces (gained 7).
There is an open door here.
You see here a bat skeleton.
Done exploring.
Done exploring.
(D) Dungeon
Where to? (Enter - D:2, ? - help)
There is a stone staircase leading down here.
You climb downwards.
There is a stone staircase leading up here.
You open the door.
An orc comes into view. It is wielding a +0 whip.
Found a ring mail and a pair of gloves.
There is an open door here.
An orc comes into view. It is wielding a +0 flail.
Found 14 gold pieces.
The orc shouts!
An orc comes into view. It is wielding a +0 hand axe.
There is an open door here.
Aim: an orc, wielding a +0 flail and wearing a +0 ring mail (chance to affect: 93%)
The orc writhes in agony.
Aim: an orc, wielding a +0 flail and wearing a +0 ring mail (heavily wounded, chance to affect: 93%)
The orc barely resists.
Aim: an orc, wielding a +0 whip and wearing a +0 scale mail (chance to affect: 93%)
The orc writhes in agony.
The orc hits you with a +0 whip.
Aim: an orc, wielding a +0 whip and wearing a +0 scale mail (almost dead, chance to affect: 93%)
The orc writhes in agony.
You kill the orc!
Aim: an orc, wielding a +0 hand axe (chance to affect: 93%)
The orc writhes in agony.
The orc hits you with a +0 hand axe!
* * * LOW HITPOINT WARNING * * *
Aim: an orc, wielding a +0 hand axe (lightly wounded, chance to affect: 93%)
The orc writhes in agony.
The orc hits you with a +0 hand axe.
* * * LOW HITPOINT WARNING * * *
Aim: an orc, wielding a +0 hand axe (almost dead, chance to affect: 93%)
The orc writhes in agony.
You kill the orc!
Aim: an orc, wielding a +0 flail and wearing a +0 ring mail (heavily wounded, chance to affect: 93%)
The orc writhes in agony.
The orc hits you with a +0 flail.
You die...

#............#
#............#
#............#
#........[...#
#.......[....#
#............#
#............#
#######o#+####
#@# #.# #<#
###


You could see an orc.

Vanquished Creatures
  Jessica (D:2)
  A worm (D:2)
  2 orcs (D:3)
  5 ball pythons
  3 endoplasms
  3 goblins
  5 hobgoblins
  7 kobolds
  2 quokkas (D:1)
  3 bats
  A frilled lizard (D:2)
  6 rats
39 creatures vanquished.

Vanquished Creatures (collateral kills)
  A bat (D:1)
1 creature vanquished.

Vanquished Creatures (others)
  4 plants (D:1)
4 creatures vanquished.

Grand Total: 44 creatures vanquished

Notes
Turn   | Place    | Note
-------+----------+-------------------------------------------
     0 | D:1      | Lochraine the Deep Elf Necromancer began the quest for the
                  | Orb.
     0 | D:1      | Reached XP level 1. HP: 10/10 MP: 6/6
   415 | D:1      | Reached skill level 5 in Necromancy
   505 | D:1      | Reached XP level 2. HP: 9/15 MP: 4/8
   589 | D:1      | Learned a level 1 spell: Animate Skeleton
  1428 | D:2      | Noticed Jessica
  1432 | D:2      | Killed Jessica
  1433 | D:2      | Reached XP level 3. HP: 16/20 MP: 5/10
  1652 | D:2      | You fall into a shaft and drop 1 floor!
  1689 | D:3      | Learned a level 3 spell: Vampiric Draining
  1882 | D:2      | Reached skill level 1 in Fighting
  2174 | D:2      | Reached XP level 4. HP: 25/25 MP: 12/12
  2219 | D:3      | Slain by an orc

Illustrated notes

Levels and vault maps discovered:
D:1:      giann_forest_graveyard, layout_loops_ring, serial_bayou_lake_a
D:2:      layout_basic, uniq_jessica
D:3:      layout_basic, fountainhead

Skill      XL: |  1  2  3 |
---------------+----------+-----
Necromancy     | 5 |  5.5
Dodging        | 3 |  3.0
Spellcasting   | 4 |  4.2
Fighting       | 1 |  1.0
Stealth        | |  2.4

Action                   |  1- 3 |  4- 6 || total
-------------------------+-------+-------++-------
Melee: Club              |     1 |       ||     1
       Mace              |    12 |       ||    12
       Dagger            |     1 |       ||     1
 Cast: Pain              |    49 |     8 ||    57
       Animate Skeleton  |     3 |       ||     3
 Stab: Sleeping          |     2 |       ||     2
Armor: Robe              |     5 |       ||     5
Dodge: Dodged            |    19 |       ||    19

Table legend: (Time is in decaauts)
 A = Elapsed time spent in this place.
 B = Non-inter-level travel time spent in this place.
 C = Inter-level travel time spent in this place.
 D = Time resting spent in this place.
 E = Time spent auto-exploring this place.
 F = Levels seen in this place.
 G = Mean time per level.
                   A        B        C        D        E       F      G
               +--------+--------+--------+--------+--------+-----+--------+
         Total |   2266 |   2216 |     50 |    299 |   1570 |   3 |  755.3 |
       Dungeon |   2266 |   2216 |     50 |    299 |   1570 |   3 |  755.3 |
               +--------+--------+--------+--------+--------+-----+--------+

Top non-repeatable levels by time:
     D:1: 1462 daAuts
     D:2: 731 daAuts
     D:3: 72 daAuts
